Avalanche vs Penguins

Created - Thursday, December 18, 2014 at 23:34

Goals
1 2 3 OT1 SO T
Avalanche 2 0 1 0 3 4
Penguins 3 0 0 0 2 3
Shots
1 2 3 OT1 SO T
Avalanche 9 7 11 5 9 32
Penguins 12 5 6 3 9 26

1st period

1. Penguins , Vladimir Tarasenko 5 (Christian Ehrhoff) at 5:20 (PP)
2. Penguins , Dan Hamhuis 5 (Paul Gaustad) at 6:03 (SH)
3. Penguins , Nathan MacKinnon 12 (Jarome Iginla, Raphael Diaz) at 11:51 (PP)
4. Avalanche , Joffrey Lupul 13 (Ryan McDonagh, Braydon Coburn) at 12:58
5. Avalanche , Joffrey Lupul 14 (Lars Eller, Morgan Rielly) at 15:25 (PP)

Penalties :
Troy Brouwer (Col) for Boarding (Minor) at 5:00, Anton Volchenkov (Pit) for Roughing (Minor) at 5:58, Lars Eller (Col) for Tripping (Minor) at 11:03, Marcus Foligno (Pit) for Hooking (Minor) at 14:59, Troy Brouwer (Col) for Slashing (Minor) at 16:13

2nd period

No Goal

Penalties :
Rostislav Klesla (Col) for Hooking (Minor) at 4:26, Rostislav Klesla (Col) for Hooking (Minor) at 17:29

3rd period

6. Avalanche , Ryan McDonagh 12 (Rostislav Klesla) at 4:35

Penalties :
Mark Giordano (Pit) for Hooking (Minor) at 1:29, Joffrey Lupul (Col) for Hooking (Minor) at 7:17, Benoit Pouliot (Col) for Roughing (Minor) at 14:59

Overtime #1

No Goal

Penalties :
No Penalty

Shootout

Penalty Shot by Claude Giroux for Avalanche - Stopped by Ryan Miller
Penalty Shot by Patrick Sharp for Penguins - Stopped by Jack Campbell
Penalty Shot by Troy Brouwer for Avalanche - Stopped by Ryan Miller
Penalty Shot by Jarome Iginla for Penguins - Shot Misses the Net
Penalty Shot by Mike Ribeiro for Avalanche - Stopped by Ryan Miller
Penalty Shot by Nathan MacKinnon for Penguins - Shot Misses the Net
Penalty Shot by Joffrey Lupul for Avalanche - Shot Misses the Net
Penalty Shot by Vladimir Tarasenko for Penguins - Stopped by Jack Campbell
Penalty Shot by Lars Eller for Avalanche - Shot Misses the Net
Penalty Shot by David Legwand for Penguins - Stopped by Jack Campbell
Penalty Shot by Benoit Pouliot for Avalanche - Goal!
Penalty Shot by Mark Giordano for Penguins - Goal!
Penalty Shot by Rene Bourque for Avalanche - Stopped by Ryan Miller
Penalty Shot by Raphael Diaz for Penguins - Shot Misses the Net
Penalty Shot by Brad Stuart for Avalanche - Goal!
Penalty Shot by Anton Volchenkov for Penguins - Goal!
Penalty Shot by Clayton Stoner for Avalanche - Goal!
Penalty Shot by Elias Lindholm for Penguins - Stopped by Jack Campbell

Penalties :
No Penalty

Goalie Stats

Jack Campbell (Col), 23 saves from 26 shots - (0.885), W, 2-3-0, 65:00 minutes
Ryan Miller (Pit), 29 saves from 32 shots - (0.906), OTL, 13-6-7, 65:00 minutes

Players Stats for Avalanche

Player Name              G  A  P  +/- PIM S  H  SB GA TA FO     MP     PP MP  PK MP  
------------------------------------------------------------------------------------
Benoit Pouliot           0  0  0   1  2   7  2  1  3  0  2/3    14:45   0:00   0:00 
Brad Stuart              0  0  0   0  0   1  0  1  0  5  0/0    23:06   1:51   2:52 
Braydon Coburn           0  1  1   0  0   1  1  1  0  2  0/0     8:58   1:26   2:06 
Claude Giroux            0  0  0  -1  0   6  1  0  2  0  9/20   25:37   2:12   0:00 
Clayton Stoner           0  0  0   0  0   1  0  3  0  0  0/0    20:55   0:00   2:52 
Daniel Briere            0  0  0   1  0   2  0  0  1  1  4/12   17:14   2:12   0:00 
Joffrey Lupul            2  0  2   1  2   7  0  0  4  0  0/0    13:08   2:12   0:00 
Lars Eller               0  1  1   1  2   0  2  1  1  2  6/9    19:46   2:12   7:02 
Mike Ribeiro             0  0  0  -1  0   0  0  0  2  0  0/0    16:03   2:12   0:00 
Morgan Rielly            0  1  1   0  0   1  0  1  0  1  0/0    20:06   1:51   5:04 
Rene Bourque             0  0  0   1  0   1  3  1  1  0  0/0    15:47   0:00   2:29 
Rostislav Klesla         0  1  1   1  4   0  1  1  0  0  0/0    20:26   1:07   0:00 
Ryan McDonagh            1  1  2   1  0   2  4  2  2  5  0/0    32:06   2:33   8:11 
T.J. Hensick             0  0  0   0  0   0  0  0  0  0  3/8     9:45   0:00   2:08 
Taylor Fedun             0  0  0   0  0   0  1  0  0  0  0/0     4:22   0:00   1:01 
Trevor Lewis             0  0  0   1  0   0  2  0  0  0  5/10   19:00   0:00   8:55 
Troy Brouwer             0  0  0  -1  4   0  0  0  1  2  0/0    20:38   2:12   1:32 
Tyler Kennedy            0  0  0   0  0   3  1  0  0  0  0/0     7:03   0:00   0:00 

Players Stats for Penguins

Player Name              G  A  P  +/- PIM S  H  SB GA TA FO     MP     PP MP  PK MP  
------------------------------------------------------------------------------------
Anton Volchenkov         0  0  0   0  2   0  4  1  0  0  0/0    20:03   0:00   0:52 
Chris Butler             0  0  0  -1  0   1  0  0  0  1  0/0    11:46   0:00   1:52 
Chris Kelly              0  0  0   1  0   0  1  0  0  0  1/1    12:16   0:00   3:32 
Christian Ehrhoff        0  1  1   0  0   2  2  3  2  0  0/0    28:48   5:56   1:44 
Dan Hamhuis              1  0  1   1  0   3  3  1  0  3  0/0    27:41   5:07   4:01 
David Legwand            0  0  0  -1  0   0  4  0  3  0  6/12   16:32   4:45   0:00 
Elias Lindholm           0  0  0   0  0   2  0  0  0  0  0/0    10:06   0:00   0:00 
Jarome Iginla            0  1  1  -1  0   3  4  0  3  0  0/0    18:09   4:45   0:08 
Marcus Foligno           0  0  0   0  2   2  0  0  3  0  1/2    10:54   0:00   0:52 
Mark Giordano            0  0  0  -1  2   1  3  5  1  2  0/0    27:27   5:56   0:19 
Mikael Granlund          0  0  0  -1  0   3  0  1  1  0  11/25  22:04   6:18   0:00 
Nail Yakupov             0  0  0   0  0   1  3  0  0  0  0/1    11:56   0:00   0:00 
Nate Thompson            0  0  0   0  0   1  0  0  0  0  6/7     9:49   0:00   0:44 
Nathan MacKinnon         1  0  1  -1  0   3  0  0  4  0  0/1    18:46   4:45   0:00 
Patrick Sharp            0  0  0  -1  0   2  0  0  5  0  1/1    22:04   6:18   0:00 
Paul Gaustad             0  1  1   1  0   0  0  0  0  0  7/12   13:38   0:00   3:32 
Raphael Diaz             0  1  1  -1  0   0  0  0  1  0  0/0    15:06   5:07   0:00 
Vladimir Tarasenko       1  0  1  -1  0   2  1  0  3  0  0/0    18:23   6:18   0:00 

3 Stars

1 - Ryan McDonagh (Col)
2 - Joffrey Lupul (Col)
3 - Dan Hamhuis (Pit)

Power Play

Avalanche - 1 on 3 Attempt(s) - 33.33%
Penguins - 2 on 7 Attempt(s) - 28.57%

Penalty Kill

Avalanche - 5 on 7 Attempt(s) - 71.43% - Score 0 goal in Penalty Kill
Penguins - 2 on 3 Attempt(s) - 66.67% - Score 1 goal in Penalty Kill

Official

Referees : Unknown
Linesman : Unknown

Game Notes

Braydon Coburn is injured at 0:31 of 2nd period (Right Foot)

Finance

Level 1 -- Attendance: 4980 (83.00%) -- Ticket Income $448,200
Level 2 -- Attendance: 5000 (100.00%) -- Ticket Income $265,000
Level 3 -- Attendance: 1740 (87.00%) -- Ticket Income $52,200
Level 4 -- Attendance: 3810 (95.25%) -- Ticket Income $60,960
Luxury Box -- Attendance: 919 (91.90%) -- Ticket Income $164,501
Game was played at the Consol Energy Center
Total Attendance: 16449 (91.38%)
Total Ticket Income: $990,861
Other Income: $485,522
Total Income: $1,476,383

Avalanche

5 vs 5 Forward 
   Center                   Left Wing                Right Wing               Time % Phy DF OF 
 1 Claude Giroux            Mike Ribeiro             Troy Brouwer             35     1   2  2  
 2 Lars Eller               Joffrey Lupul            Trevor Lewis             30     1   2  2  
 3 Daniel Briere            Benoit Pouliot           Rene Bourque             22     1   2  2  
 4 T.J. Hensick             Tyler Kennedy            Claude Giroux            13     1   2  2  

5 vs 5 Defense 
   Defense                  Defense                                           Time % Phy DF OF 
 1 Ryan McDonagh            Braydon Coburn                                    35     1   2  2  
 2 Brad Stuart              Clayton Stoner                                    30     1   2  2  
 3 Rostislav Klesla         Morgan Rielly                                     22     1   2  2  
 4 Taylor Fedun             Ryan McDonagh                                     13     1   2  2  

PowerPlay Forward 
   Center                   Left Wing                Right Wing               Time % Phy DF OF 
 1 Claude Giroux            Mike Ribeiro             Troy Brouwer             60     1   2  2  
 2 Lars Eller               Joffrey Lupul            Daniel Briere            40     1   2  2  

PowerPlay Defense
   Defense                  Defense                                           Time % Phy DF OF 
 1 Ryan McDonagh            Braydon Coburn                                    60     1   2  2  
 2 Brad Stuart              Morgan Rielly                                     40     1   2  2  

Penalty Kill 4 Players Forward 
   Center                   Wing                     Time % Phy DF OF 
 1 Trevor Lewis             Lars Eller               60     1   3  1  
 2 T.J. Hensick             Troy Brouwer             40     1   3  1  

Penalty Kill 4 Players Defense
   Defense                  Defense                  Time % Phy DF OF 
 1 Ryan McDonagh            Braydon Coburn           60     1   2  2  
 2 Brad Stuart              Clayton Stoner           40     1   2  2  

Penalty Kill - 3 Players Forward 
   Forward                                           Time % Phy DF OF 
 1 Trevor Lewis                                      60     1   2  2  
 2 T.J. Hensick                                      40     1   2  2  

Penalty Kill - 3 Players Defense
   Defense                  Defense                  Time % Phy DF OF 
 1 Ryan McDonagh            Braydon Coburn           60     1   2  2  
 2 Brad Stuart              Clayton Stoner           40     1   2  2  

4 vs 4 Forward 
   Center                   Wing                     Time % Phy DF OF 
 1 Claude Giroux            Troy Brouwer             60     1   2  2  
 2 Mike Ribeiro             Joffrey Lupul            40     1   2  2  

4 vs 4 Defense
   Defense                  Defense                  Time % Phy DF OF 
 1 Ryan McDonagh            Braydon Coburn           60     1   2  2  
 2 Brad Stuart              Clayton Stoner           40     1   2  2  

Last Minutes Offensive
   Center                   Left Wing                Right Wing               Defense                  Defense                  
   Claude Giroux            Mike Ribeiro             Troy Brouwer             Ryan McDonagh            Braydon Coburn           

Last Minutes Defensive
   Center                   Left Wing                Right Wing               Defense                  Defense                  
   Claude Giroux            Mike Ribeiro             Troy Brouwer             Ryan McDonagh            Braydon Coburn           

Goaltenders
Starting : Jack Campbell            
Backup : Semyon Varlamov          

Extra Forwards
Normal : Benoit Pouliot, Daniel Briere, Rene Bourque - PP : Benoit Pouliot, Daniel Briere - PK : Rene Bourque
Extra Defensemen
Normal : Rostislav Klesla, Morgan Rielly, Taylor Fedun - PP : Rostislav Klesla - PK : Morgan Rielly, Taylor Fedun
Penalty Shots
Claude Giroux, Troy Brouwer, Mike Ribeiro, Joffrey Lupul, Lars Eller

Penguins

5 vs 5 Forward 
   Center                   Left Wing                Right Wing               Time % Phy DF OF 
 1 Mikael Granlund          Patrick Sharp            Jarome Iginla            35     1   2  2  
 2 David Legwand            Vladimir Tarasenko       Nathan MacKinnon         30     1   2  2  
 3 Paul Gaustad             Nail Yakupov             Elias Lindholm           22     1   2  2  
 4 Nate Thompson            Chris Kelly              Marcus Foligno           13     1   2  2  

5 vs 5 Defense 
   Defense                  Defense                                           Time % Phy DF OF 
 1 Mark Giordano            Christian Ehrhoff                                 40     1   2  2  
 2 Anton Volchenkov         Dan Hamhuis                                       35     1   2  2  
 3 Chris Butler             Raphael Diaz                                      20     1   2  2  
 4 Mark Giordano            Christian Ehrhoff                                 5      1   2  2  

PowerPlay Forward 
   Center                   Left Wing                Right Wing               Time % Phy DF OF 
 1 Mikael Granlund          Patrick Sharp            Vladimir Tarasenko       60     1   1  3  
 2 David Legwand            Jarome Iginla            Nathan MacKinnon         40     1   1  3  

PowerPlay Defense
   Defense                  Defense                                           Time % Phy DF OF 
 1 Mark Giordano            Christian Ehrhoff                                 60     1   1  3  
 2 Dan Hamhuis              Raphael Diaz                                      40     1   1  3  

Penalty Kill 4 Players Forward 
   Center                   Wing                     Time % Phy DF OF 
 1 Paul Gaustad             Chris Kelly              60     1   3  1  
 2 Nate Thompson            Marcus Foligno           40     1   3  1  

Penalty Kill 4 Players Defense
   Defense                  Defense                  Time % Phy DF OF 
 1 Anton Volchenkov         Dan Hamhuis              60     1   3  1  
 2 Chris Butler             Mark Giordano            40     1   3  1  

Penalty Kill - 3 Players Forward 
   Forward                                           Time % Phy DF OF 
 1 Paul Gaustad                                      60     1   3  1  
 2 Nate Thompson                                     40     1   3  1  

Penalty Kill - 3 Players Defense
   Defense                  Defense                  Time % Phy DF OF 
 1 Anton Volchenkov         Dan Hamhuis              60     1   3  1  
 2 Chris Butler             Mark Giordano            40     1   3  1  

4 vs 4 Forward 
   Center                   Wing                     Time % Phy DF OF 
 1 Mikael Granlund          Patrick Sharp            60     1   2  2  
 2 David Legwand            Jarome Iginla            40     1   2  2  

4 vs 4 Defense
   Defense                  Defense                  Time % Phy DF OF 
 1 Mark Giordano            Christian Ehrhoff        60     1   2  2  
 2 Dan Hamhuis              Anton Volchenkov         40     1   2  2  

Last Minutes Offensive
   Center                   Left Wing                Right Wing               Defense                  Defense                  
   Mikael Granlund          Patrick Sharp            Jarome Iginla            Mark Giordano            Christian Ehrhoff        

Last Minutes Defensive
   Center                   Left Wing                Right Wing               Defense                  Defense                  
   Mikael Granlund          Patrick Sharp            Jarome Iginla            Mark Giordano            Christian Ehrhoff        

Goaltenders
Starting : Ryan Miller              
Backup : Alex Stalock             

Extra Forwards
Normal : Nathan MacKinnon, Nail Yakupov, Marcus Foligno - PP : Nathan MacKinnon, Nail Yakupov - PK : Jarome Iginla
Extra Defensemen
Normal : Dan Hamhuis, Christian Ehrhoff, Chris Butler - PP : Dan Hamhuis - PK : Dan Hamhuis, Christian Ehrhoff
Penalty Shots
Patrick Sharp, Jarome Iginla, Nathan MacKinnon, Vladimir Tarasenko, David Legwand

% Time on Ice - Avalanche

Lines # - Real PCT - Wanted PCT - Time Play
Normal Forward
1 - 31% - 35% - 13:41
2 - 24% - 30% - 10:52
3 - 29% - 22% - 12:57
4 - 16% - 13% - 7:03
Normal Defense
1 - 34% - 35% - 15:05
2 - 37% - 30% - 16:20
3 - 22% - 22% - 9:47
4 - 8% - 13% - 3:21
PP Forward
1 - 50% - 60% - 2:12
2 - 50% - 40% - 2:12
PP Defense
1 - 58% - 60% - 2:33
2 - 42% - 40% - 1:51
PK Forward
1 - 81% - 60% - 8:55
2 - 19% - 40% - 2:08
PK Defense
1 - 74% - 60% - 8:11
2 - 26% - 40% - 2:52
PK3 Forward
1 - 0% - 60%
2 - 0% - 40%
PK3 Defense
1 - 0% - 60%
2 - 0% - 40%
44 Forward
1 - 91% - 60% - 4:34
2 - 9% - 40% - 0:26
44 Defense
1 - 59% - 60% - 2:57
2 - 41% - 40% - 2:03
Last Minute Offensive  - 0:00
Last Minute Defensive  - 0:00
Total
Forward - 65:00
Defense - 65:00

% Time on Ice - Penguins

Lines # - Real PCT - Wanted PCT - Time Play
Normal Forward
1 - 30% - 35% - 13:35
2 - 28% - 30% - 12:34
3 - 23% - 22% - 10:06
4 - 19% - 13% - 8:18
Normal Defense
1 - 42% - 40% - 18:38
2 - 36% - 35% - 16:09
3 - 22% - 20% - 9:46
4 - 0% - 5% - 0:00
PP Forward
1 - 57% - 60% - 6:18
2 - 43% - 40% - 4:45
PP Defense
1 - 54% - 60% - 5:56
2 - 46% - 40% - 5:07
PK Forward
1 - 83% - 60% - 3:40
2 - 17% - 40% - 0:44
PK Defense
1 - 58% - 60% - 2:32
2 - 42% - 40% - 1:52
PK3 Forward
1 - 0% - 60%
2 - 0% - 40%
PK3 Defense
1 - 0% - 60%
2 - 0% - 40%
44 Forward
1 - 100% - 60% - 5:00
2 - 0% - 40% - 0:00
44 Defense
1 - 65% - 60% - 3:15
2 - 35% - 40% - 1:45
Last Minute Offensive  - 0:00
Last Minute Defensive  - 0:00
Total
Forward - 65:00
Defense - 65:00

Play by Play

1st period


0:01 of 1st period - Claude Giroux wins face-off versus Mikael Granlund in neutral zone.
0:04 of 1st period - Wrist shot by Troy Brouwer.
0:04 of 1st period - Shot Blocked by Christian Ehrhoff.
0:06 of 1st period - Slapshot by Braydon Coburn.
0:06 of 1st period - Stopped by Ryan Miller without a rebound.
0:07 of 1st period - Claude Giroux wins face-off versus Mikael Granlund in Penguins zone.
0:36 of 1st period - Snap shot by Mike Ribeiro.
0:36 of 1st period - Shot Misses the Net.
0:55 of 1st period - Off-side.
0:56 of 1st period - Lars Eller wins face-off versus David Legwand in neutral zone.
1:56 of 1st period - Slapshot by Benoit Pouliot.
1:56 of 1st period - Shot Misses the Net.
1:58 of 1st period - Wrist shot by Benoit Pouliot.
1:58 of 1st period - Stopped by Ryan Miller without a rebound.
1:59 of 1st period - T.J. Hensick wins face-off versus Paul Gaustad in Penguins zone.
2:08 of 1st period - Wrist shot by Tyler Kennedy.
2:08 of 1st period - Stopped by Ryan Miller with a rebound.
2:10 of 1st period - Slapshot by Morgan Rielly.
2:10 of 1st period - Stopped by Ryan Miller with a rebound.
2:12 of 1st period - Snap shot by Claude Giroux.
2:12 of 1st period - Stopped by Ryan Miller without a rebound.
2:13 of 1st period - Paul Gaustad wins face-off versus T.J. Hensick in Penguins zone.
2:58 of 1st period - Ryan McDonagh is hit by Nail Yakupov and loses puck.
3:07 of 1st period - Raphael Diaz is hit by Taylor Fedun and loses puck.
4:09 of 1st period - Patrick Sharp is hit by Trevor Lewis and loses puck.
4:22 of 1st period - Rostislav Klesla is hit by Jarome Iginla and loses puck.
5:00 of 1st period - Minor Penalty to Troy Brouwer for Boarding.
5:01 of 1st period - Lars Eller wins face-off versus Mikael Granlund in Avalanche zone.
5:01 of 1st period - Lars Eller is hit by Christian Ehrhoff.
5:20 of 1st period - Snap shot by Vladimir Tarasenko.
5:20 of 1st period - Goal by Vladimir Tarasenko - Avalanche : 0 - Penguins : 1.
5:21 of 1st period - Marcus Foligno wins face-off versus Claude Giroux in neutral zone.
5:44 of 1st period - Slapshot by Christian Ehrhoff.
5:44 of 1st period - Stopped by Jack Campbell without a rebound.
5:45 of 1st period - Daniel Briere wins face-off versus Mikael Granlund in Avalanche zone.
5:45 of 1st period - Daniel Briere is hit by Dan Hamhuis.
5:58 of 1st period - Minor Penalty to Anton Volchenkov for Roughing.
5:59 of 1st period - Paul Gaustad wins face-off versus Claude Giroux in Penguins zone.
6:03 of 1st period - Slapshot by Dan Hamhuis.
6:03 of 1st period - Goal by Dan Hamhuis - Avalanche : 0 - Penguins : 2.
6:04 of 1st period - Paul Gaustad wins face-off versus Claude Giroux in neutral zone.
7:02 of 1st period - Chris Butler is hit by Ryan McDonagh and loses puck.
7:15 of 1st period - Paul Gaustad is hit by Lars Eller.
7:23 of 1st period - Paul Gaustad is hit by Braydon Coburn and loses puck.
7:58 of 1st period - Penalty to Anton Volchenkov is over, Anton Volchenkov is back on ice.
9:01 of 1st period - Wrist shot by Patrick Sharp.
9:01 of 1st period - Shot Misses the Net.
9:45 of 1st period - Wrist shot by Nathan MacKinnon.
9:45 of 1st period - Stopped by Jack Campbell without a rebound.
9:46 of 1st period - Claude Giroux wins face-off versus David Legwand in Avalanche zone.
10:42 of 1st period - Chris Butler is hit by Rene Bourque and loses puck.
11:03 of 1st period - Minor Penalty to Lars Eller for Tripping.
11:04 of 1st period - Trevor Lewis wins face-off versus Mikael Granlund in Avalanche zone.
11:09 of 1st period - Slapshot by Ryan McDonagh.
11:09 of 1st period - Shot Blocked by Christian Ehrhoff.
11:49 of 1st period - Slapshot by Jarome Iginla.
11:49 of 1st period - Shot Blocked by Rene Bourque.
11:51 of 1st period - Wrist shot by Nathan MacKinnon.
11:51 of 1st period - Goal by Nathan MacKinnon - Avalanche : 0 - Penguins : 3.
11:52 of 1st period - Claude Giroux wins face-off versus Nate Thompson in neutral zone.
12:07 of 1st period - Wrist shot by Chris Kelly.
12:07 of 1st period - Shot Blocked by Clayton Stoner.
12:09 of 1st period - Snap shot by Marcus Foligno.
12:09 of 1st period - Stopped by Jack Campbell with a rebound.
12:11 of 1st period - Slapshot by Anton Volchenkov.
12:11 of 1st period - Deflect By Nate Thompson.
12:11 of 1st period - Stopped by Jack Campbell without a rebound.
12:12 of 1st period - Chris Kelly wins face-off versus Claude Giroux in Avalanche zone.
12:31 of 1st period - Wrist shot by Marcus Foligno.
12:31 of 1st period - Stopped by Jack Campbell without a rebound.
12:32 of 1st period - Patrick Sharp wins face-off versus Lars Eller in Avalanche zone.
12:52 of 1st period - Wrist shot by Joffrey Lupul.
12:52 of 1st period - Stopped by Ryan Miller with a rebound.
12:54 of 1st period - Snap shot by Braydon Coburn.
12:54 of 1st period - Shot Misses the Net.
12:58 of 1st period - Slapshot by Joffrey Lupul.
12:58 of 1st period - Goal by Joffrey Lupul - Avalanche : 1 - Penguins : 3.
12:59 of 1st period - Paul Gaustad wins face-off versus Daniel Briere in neutral zone.
13:24 of 1st period - Wrist shot by Nail Yakupov.
13:24 of 1st period - Shot Misses the Net.
13:26 of 1st period - Wrist shot by Nail Yakupov.
13:26 of 1st period - Deflect By Elias Lindholm.
13:26 of 1st period - Stopped by Jack Campbell with a rebound.
13:28 of 1st period - Wrist shot by Dan Hamhuis.
13:28 of 1st period - Stopped by Jack Campbell with a rebound.
13:30 of 1st period - Snap shot by Nail Yakupov.
13:30 of 1st period - Shot Misses the Net.
13:52 of 1st period - Braydon Coburn is hit by Jarome Iginla and loses puck.
14:43 of 1st period - Brad Stuart is hit by David Legwand and loses puck.
14:56 of 1st period - Snap shot by Lars Eller.
14:56 of 1st period - Deflect By Joffrey Lupul.
14:56 of 1st period - Shot Blocked by Christian Ehrhoff.
14:56 of 1st period - Puck is out of play.
14:57 of 1st period - Nate Thompson wins face-off versus Daniel Briere in Penguins zone.
14:59 of 1st period - Minor Penalty to Marcus Foligno for Hooking.
15:00 of 1st period - Lars Eller wins face-off versus Paul Gaustad in Penguins zone.
15:17 of 1st period - Slapshot by Joffrey Lupul.
15:17 of 1st period - Shot Blocked by Dan Hamhuis.
15:25 of 1st period - Snap shot by Joffrey Lupul.
15:25 of 1st period - Goal by Joffrey Lupul - Avalanche : 2 - Penguins : 3.
15:26 of 1st period - Mikael Granlund wins face-off versus Claude Giroux in neutral zone.
15:29 of 1st period - Wrist shot by Jarome Iginla.
15:29 of 1st period - Deflect By Mikael Granlund.
15:29 of 1st period - Stopped by Jack Campbell without a rebound.
15:30 of 1st period - Mikael Granlund wins face-off versus Claude Giroux in Avalanche zone.
16:13 of 1st period - Minor Penalty to Troy Brouwer for Slashing.
16:14 of 1st period - David Legwand wins face-off versus Trevor Lewis in Avalanche zone.
16:36 of 1st period - Wrist shot by Jarome Iginla.
16:36 of 1st period - Stopped by Jack Campbell without a rebound.
16:37 of 1st period - Trevor Lewis wins face-off versus Mikael Granlund in Avalanche zone.
17:25 of 1st period - Braydon Coburn is hit by David Legwand.
17:35 of 1st period - Clayton Stoner is hit by David Legwand and loses puck.
18:13 of 1st period - Penalty to Troy Brouwer is over, Troy Brouwer is back on ice.
19:53 of 1st period - Backhand shot by Claude Giroux.
19:53 of 1st period - Stopped by Ryan Miller without a rebound.
19:54 of 1st period - David Legwand wins face-off versus T.J. Hensick in Penguins zone.
Goals for this period are 2 for Avalanche vs 3 for Penguins.
Shots for this period are 9 for Avalanche vs 12 for Penguins.

2nd period


0:01 of 2nd period - Claude Giroux wins face-off versus Mikael Granlund in neutral zone.
0:08 of 2nd period - Snap shot by Mikael Granlund.
0:08 of 2nd period - Shot Misses the Net.
0:16 of 2nd period - Slapshot by Jarome Iginla.
0:16 of 2nd period - Shot Blocked by Ryan McDonagh.
0:25 of 2nd period - Slapshot by Mark Giordano.
0:25 of 2nd period - Shot Misses the Net.
0:31 of 2nd period - Snap shot by Jarome Iginla.
0:31 of 2nd period - Shot Blocked by Braydon Coburn.
0:31 of 2nd period - Braydon Coburn from Avalanche is injured at 0:31 of 2nd period (Right Foot).
0:32 of 2nd period - David Legwand wins face-off versus Lars Eller in Avalanche zone.
0:43 of 2nd period - Snap shot by Joffrey Lupul.
0:43 of 2nd period - Stopped by Ryan Miller with a rebound.
2:32 of 2nd period - Rostislav Klesla is hit by Dan Hamhuis and loses puck.
2:59 of 2nd period - Slapshot by Ryan McDonagh.
2:59 of 2nd period - Stopped by Ryan Miller without a rebound.
3:00 of 2nd period - David Legwand wins face-off versus Claude Giroux in Penguins zone.
3:09 of 2nd period - Snap shot by Nathan MacKinnon.
3:09 of 2nd period - Shot Misses the Net.
4:26 of 2nd period - Minor Penalty to Rostislav Klesla for Hooking.
4:27 of 2nd period - Mikael Granlund wins face-off versus Trevor Lewis in Avalanche zone.
4:53 of 2nd period - Icing by Raphael Diaz.
4:54 of 2nd period - David Legwand wins face-off versus Trevor Lewis in Penguins zone.
5:22 of 2nd period - Icing by Raphael Diaz.
5:23 of 2nd period - Mikael Granlund wins face-off versus Trevor Lewis in Penguins zone.
6:26 of 2nd period - Penalty to Rostislav Klesla is over, Rostislav Klesla is back on ice.
6:53 of 2nd period - Paul Gaustad is hit by Rene Bourque and loses puck.
7:32 of 2nd period - Snap shot by Nate Thompson.
7:32 of 2nd period - Shot Misses the Net.
7:34 of 2nd period - Slapshot by Anton Volchenkov.
7:34 of 2nd period - Shot Misses the Net.
7:36 of 2nd period - Slapshot by Anton Volchenkov.
7:36 of 2nd period - Shot Blocked by Brad Stuart.
7:38 of 2nd period - Wrist shot by Nate Thompson.
7:38 of 2nd period - Shot Misses the Net.
8:08 of 2nd period - Wrist shot by Tyler Kennedy.
8:08 of 2nd period - Stopped by Ryan Miller without a rebound.
8:09 of 2nd period - Daniel Briere wins face-off versus Paul Gaustad in Penguins zone.
8:50 of 2nd period - Anton Volchenkov is hit by Trevor Lewis and loses puck.
9:35 of 2nd period - Snap shot by David Legwand.
9:35 of 2nd period - Deflect By Nathan MacKinnon.
9:35 of 2nd period - Shot Misses the Net.
9:35 of 2nd period - Puck is out of play.
9:36 of 2nd period - Nate Thompson wins face-off versus Daniel Briere in Avalanche zone.
9:37 of 2nd period - Slapshot by Christian Ehrhoff.
9:37 of 2nd period - Stopped by Jack Campbell with a rebound.
10:07 of 2nd period - Mark Giordano is hit by Lars Eller and loses puck.
11:04 of 2nd period - Rostislav Klesla is hit by Anton Volchenkov and loses puck.
11:32 of 2nd period - Clayton Stoner is hit by Anton Volchenkov and loses puck.
11:47 of 2nd period - Snap shot by Jarome Iginla.
11:47 of 2nd period - Stopped by Jack Campbell without a rebound.
11:48 of 2nd period - Mikael Granlund wins face-off versus T.J. Hensick in Avalanche zone.
12:06 of 2nd period - Jarome Iginla is hit by Ryan McDonagh.
12:22 of 2nd period - Snap shot by Mikael Granlund.
12:22 of 2nd period - Stopped by Jack Campbell without a rebound.
12:23 of 2nd period - Nate Thompson wins face-off versus Daniel Briere in Avalanche zone.
12:26 of 2nd period - Snap shot by Marcus Foligno.
12:26 of 2nd period - Shot Misses the Net.
12:42 of 2nd period - Snap shot by Benoit Pouliot.
12:42 of 2nd period - Stopped by Ryan Miller with a rebound.
12:44 of 2nd period - Snap shot by Brad Stuart.
12:44 of 2nd period - Shot Blocked by Mark Giordano.
12:46 of 2nd period - Wrist shot by Benoit Pouliot.
12:46 of 2nd period - Stopped by Ryan Miller without a rebound.
12:47 of 2nd period - Lars Eller wins face-off versus David Legwand in Penguins zone.
12:52 of 2nd period - Slapshot by Ryan McDonagh.
12:52 of 2nd period - Shot Misses the Net.
13:44 of 2nd period - Troy Brouwer is hit by Jarome Iginla and loses puck.
13:49 of 2nd period - Wrist shot by Jarome Iginla.
13:49 of 2nd period - Stopped by Jack Campbell with a rebound.
13:51 of 2nd period - Snap shot by Patrick Sharp.
13:51 of 2nd period - Stopped by Jack Campbell with a rebound.
13:53 of 2nd period - Snap shot by Anton Volchenkov.
13:53 of 2nd period - Shot Misses the Net.
14:15 of 2nd period - Troy Brouwer is hit by Anton Volchenkov and loses puck.
14:32 of 2nd period - Wrist shot by Nail Yakupov.
14:32 of 2nd period - Shot Misses the Net.
14:50 of 2nd period - Snap shot by Ryan McDonagh.
14:50 of 2nd period - Deflect By Benoit Pouliot.
14:50 of 2nd period - Stopped by Ryan Miller with a rebound.
15:13 of 2nd period - Raphael Diaz is hit by Ryan McDonagh and loses puck.
15:34 of 2nd period - Wrist shot by Joffrey Lupul.
15:34 of 2nd period - Stopped by Ryan Miller without a rebound.
15:35 of 2nd period - Trevor Lewis wins face-off versus David Legwand in Penguins zone.
15:45 of 2nd period - Icing by Christian Ehrhoff.
15:46 of 2nd period - David Legwand wins face-off versus T.J. Hensick in Penguins zone.
16:30 of 2nd period - Benoit Pouliot is hit by David Legwand and loses puck.
17:29 of 2nd period - Minor Penalty to Rostislav Klesla for Hooking.
17:30 of 2nd period - Mikael Granlund wins face-off versus Trevor Lewis in Avalanche zone.
18:21 of 2nd period - Wrist shot by Nathan MacKinnon.
18:21 of 2nd period - Shot Misses the Net.
18:57 of 2nd period - Slapshot by Nathan MacKinnon.
18:57 of 2nd period - Shot Blocked by Clayton Stoner.
18:59 of 2nd period - Slapshot by Dan Hamhuis.
18:59 of 2nd period - Shot Blocked by Clayton Stoner.
19:01 of 2nd period - Slapshot by Raphael Diaz.
19:01 of 2nd period - Shot Misses the Net.
19:03 of 2nd period - Wrist shot by Nathan MacKinnon.
19:03 of 2nd period - Shot Misses the Net.
19:29 of 2nd period - Penalty to Rostislav Klesla is over, Rostislav Klesla is back on ice.
19:54 of 2nd period - Wrist shot by Nail Yakupov.
19:54 of 2nd period - Shot Blocked by Morgan Rielly.
Goals for this period are 0 for Avalanche vs 0 for Penguins.
Shots for this period are 7 for Avalanche vs 5 for Penguins.

3rd period


0:01 of 3rd period - Mikael Granlund wins face-off versus Claude Giroux in neutral zone.
0:06 of 3rd period - Snap shot by Jarome Iginla.
0:06 of 3rd period - Shot Blocked by Ryan McDonagh.
0:40 of 3rd period - Troy Brouwer is hit by Anton Volchenkov and loses puck.
1:04 of 3rd period - Clayton Stoner is hit by Dan Hamhuis and loses puck.
1:15 of 3rd period - Snap shot by Joffrey Lupul.
1:15 of 3rd period - Stopped by Ryan Miller without a rebound.
1:16 of 3rd period - Paul Gaustad wins face-off versus Daniel Briere in Penguins zone.
1:21 of 3rd period - Slapshot by Christian Ehrhoff.
1:21 of 3rd period - Shot Misses the Net.
1:26 of 3rd period - Off-side.
1:27 of 3rd period - Paul Gaustad wins face-off versus Daniel Briere in neutral zone.
1:29 of 3rd period - Minor Penalty to Mark Giordano for Hooking.
1:30 of 3rd period - Claude Giroux wins face-off versus Paul Gaustad in Penguins zone.
1:52 of 3rd period - Slapshot by Chris Kelly.
1:52 of 3rd period - Shot Blocked by Rostislav Klesla.
2:20 of 3rd period - Dan Hamhuis is hit by Ryan McDonagh and loses puck.
2:47 of 3rd period - Wrist shot by Joffrey Lupul.
2:47 of 3rd period - Shot Misses the Net.
2:49 of 3rd period - Wrist shot by Daniel Briere.
2:49 of 3rd period - Stopped by Ryan Miller with a rebound.
3:29 of 3rd period - Penalty to Mark Giordano is over, Mark Giordano is back on ice.
4:33 of 3rd period - Slapshot by Ryan McDonagh.
4:33 of 3rd period - Shot Misses the Net.
4:35 of 3rd period - Slapshot by Ryan McDonagh.
4:35 of 3rd period - Goal by Ryan McDonagh - Avalanche : 3 - Penguins : 3.
4:36 of 3rd period - Lars Eller wins face-off versus Mikael Granlund in neutral zone.
5:07 of 3rd period - Snap shot by Jarome Iginla.
5:07 of 3rd period - Shot Blocked by Benoit Pouliot.
5:22 of 3rd period - Jarome Iginla is hit by Rene Bourque.
6:12 of 3rd period - Off-side.
6:13 of 3rd period - Lars Eller wins face-off versus Nail Yakupov in neutral zone.
6:28 of 3rd period - Trevor Lewis is hit by Mark Giordano and loses puck.
6:38 of 3rd period - Icing by Brad Stuart.
6:39 of 3rd period - Nate Thompson wins face-off versus Lars Eller in Avalanche zone.
7:17 of 3rd period - Minor Penalty to Joffrey Lupul for Hooking.
7:18 of 3rd period - Trevor Lewis wins face-off versus Mikael Granlund in Avalanche zone.
7:18 of 3rd period - Trevor Lewis is hit by Mark Giordano.
7:49 of 3rd period - Trevor Lewis is hit by Christian Ehrhoff and loses puck.
8:06 of 3rd period - Wrist shot by Nathan MacKinnon.
8:06 of 3rd period - Shot Misses the Net.
8:38 of 3rd period - Snap shot by Nathan MacKinnon.
8:38 of 3rd period - Shot Misses the Net.
9:11 of 3rd period - Snap shot by Brad Stuart.
9:11 of 3rd period - Shot Misses the Net.
9:17 of 3rd period - Penalty to Joffrey Lupul is over, Joffrey Lupul is back on ice.
9:38 of 3rd period - Slapshot by Claude Giroux.
9:38 of 3rd period - Shot Blocked by Mark Giordano.
9:48 of 3rd period - Wrist shot by Claude Giroux.
9:48 of 3rd period - Shot Misses the Net.
10:02 of 3rd period - Slapshot by Elias Lindholm.
10:02 of 3rd period - Stopped by Jack Campbell without a rebound.
10:03 of 3rd period - Nate Thompson wins face-off versus Daniel Briere in Avalanche zone.
10:16 of 3rd period - Nate Thompson is hit by Benoit Pouliot and loses puck.
10:25 of 3rd period - Snap shot by Benoit Pouliot.
10:25 of 3rd period - Stopped by Ryan Miller without a rebound.
10:26 of 3rd period - Paul Gaustad wins face-off versus T.J. Hensick in Penguins zone.
10:49 of 3rd period - Clayton Stoner is hit by Nail Yakupov and loses puck.
11:54 of 3rd period - Slapshot by Nathan MacKinnon.
11:54 of 3rd period - Shot Misses the Net.
11:56 of 3rd period - Slapshot by Chris Butler.
11:56 of 3rd period - Stopped by Jack Campbell without a rebound.
11:57 of 3rd period - Claude Giroux wins face-off versus David Legwand in Avalanche zone.
12:28 of 3rd period - Snap shot by Nathan MacKinnon.
12:28 of 3rd period - Stopped by Jack Campbell with a rebound.
12:53 of 3rd period - Clayton Stoner is hit by Chris Kelly and loses puck.
12:56 of 3rd period - Slapshot by Brad Stuart.
12:56 of 3rd period - Deflect By Daniel Briere.
12:56 of 3rd period - Shot Misses the Net.
12:56 of 3rd period - Puck is out of play.
12:57 of 3rd period - Nate Thompson wins face-off versus Daniel Briere in Penguins zone.
12:57 of 3rd period - Nate Thompson is hit by Benoit Pouliot.
13:41 of 3rd period - Dan Hamhuis is hit by Claude Giroux and loses puck.
13:58 of 3rd period - Rostislav Klesla is hit by Jarome Iginla and loses puck.
14:45 of 3rd period - Benoit Pouliot is hit by Mark Giordano and loses puck.
14:59 of 3rd period - Minor Penalty to Benoit Pouliot for Roughing.
15:00 of 3rd period - Trevor Lewis wins face-off versus Mikael Granlund in Avalanche zone.
15:25 of 3rd period - Snap shot by Vladimir Tarasenko.
15:25 of 3rd period - Shot Misses the Net.
16:59 of 3rd period - Penalty to Benoit Pouliot is over, Benoit Pouliot is back on ice.
17:08 of 3rd period - Wrist shot by Vladimir Tarasenko.
17:08 of 3rd period - Stopped by Jack Campbell with a rebound.
17:10 of 3rd period - Backhand shot by Chris Butler.
17:10 of 3rd period - Deflect By Vladimir Tarasenko.
17:10 of 3rd period - Shot Blocked by Lars Eller.
17:10 of 3rd period - Puck is out of play.
17:11 of 3rd period - Mikael Granlund wins face-off versus Claude Giroux in Avalanche zone.
17:26 of 3rd period - Wrist shot by Nail Yakupov.
17:26 of 3rd period - Stopped by Jack Campbell with a rebound.
17:28 of 3rd period - Slapshot by Raphael Diaz.
17:28 of 3rd period - Shot Misses the Net.
18:15 of 3rd period - Snap shot by Marcus Foligno.
18:15 of 3rd period - Shot Misses the Net.
18:17 of 3rd period - Snap shot by Dan Hamhuis.
18:17 of 3rd period - Stopped by Jack Campbell without a rebound.
18:18 of 3rd period - T.J. Hensick wins face-off versus Nathan MacKinnon in Avalanche zone.
18:23 of 3rd period - Slapshot by Ryan McDonagh.
18:23 of 3rd period - Shot Misses the Net.
18:25 of 3rd period - Snap shot by T.J. Hensick.
18:25 of 3rd period - Shot Misses the Net.
18:27 of 3rd period - Wrist shot by Tyler Kennedy.
18:27 of 3rd period - Stopped by Ryan Miller with a rebound.
18:29 of 3rd period - Slapshot by Rostislav Klesla.
18:29 of 3rd period - Shot Misses the Net.
18:33 of 3rd period - Slapshot by Claude Giroux.
18:33 of 3rd period - Stopped by Ryan Miller without a rebound.
18:34 of 3rd period - T.J. Hensick wins face-off versus David Legwand in Penguins zone.
18:37 of 3rd period - Wrist shot by Claude Giroux.
18:37 of 3rd period - Stopped by Ryan Miller with a rebound.
18:47 of 3rd period - Rostislav Klesla is hit by Vladimir Tarasenko and loses puck.
18:54 of 3rd period - David Legwand is hit by Tyler Kennedy and loses puck.
19:07 of 3rd period - Slapshot by Benoit Pouliot.
19:07 of 3rd period - Stopped by Ryan Miller without a rebound.
19:08 of 3rd period - Daniel Briere wins face-off versus Mikael Granlund in Penguins zone.
19:09 of 3rd period - Backhand shot by Benoit Pouliot.
19:09 of 3rd period - Shot Misses the Net.
19:13 of 3rd period - Wrist shot by Benoit Pouliot.
19:13 of 3rd period - Stopped by Ryan Miller with a rebound.
19:15 of 3rd period - Slapshot by Clayton Stoner.
19:15 of 3rd period - Deflect By Anton Volchenkov.
19:15 of 3rd period - Stopped by Ryan Miller without a rebound.
19:16 of 3rd period - Daniel Briere wins face-off versus Mikael Granlund in Penguins zone.
19:19 of 3rd period - Slapshot by Rene Bourque.
19:19 of 3rd period - Stopped by Ryan Miller with a rebound.
19:29 of 3rd period - Snap shot by Daniel Briere.
19:29 of 3rd period - Shot Misses the Net.
19:31 of 3rd period - Slapshot by Brad Stuart.
19:31 of 3rd period - Shot Misses the Net.
19:33 of 3rd period - Slapshot by Clayton Stoner.
19:33 of 3rd period - Deflect By Daniel Briere.
19:33 of 3rd period - Shot Misses the Net.
19:33 of 3rd period - Puck is out of play.
19:34 of 3rd period - Claude Giroux wins face-off versus Paul Gaustad in Penguins zone.
Goals for this period are 1 for Avalanche vs 0 for Penguins.
Shots for this period are 11 for Avalanche vs 6 for Penguins.

Overtime #1


0:01 of 1st overtime period - Mikael Granlund wins face-off versus Claude Giroux in neutral zone.
0:09 of 1st overtime period - Wrist shot by Claude Giroux.
0:09 of 1st overtime period - Stopped by Ryan Miller with a rebound.
0:11 of 1st overtime period - Slapshot by Ryan McDonagh.
0:11 of 1st overtime period - Shot Blocked by Mark Giordano.
0:22 of 1st overtime period - Slapshot by Claude Giroux.
0:22 of 1st overtime period - Stopped by Ryan Miller without a rebound.
0:23 of 1st overtime period - Mikael Granlund wins face-off versus Claude Giroux in Penguins zone.
0:28 of 1st overtime period - Wrist shot by Mark Giordano.
0:28 of 1st overtime period - Deflect By Patrick Sharp.
0:28 of 1st overtime period - Stopped by Jack Campbell with a rebound.
0:40 of 1st overtime period - Slapshot by Claude Giroux.
0:40 of 1st overtime period - Shot Blocked by Mark Giordano.
0:42 of 1st overtime period - Slapshot by Ryan McDonagh.
0:42 of 1st overtime period - Shot Blocked by Mark Giordano.
0:44 of 1st overtime period - Slapshot by Rostislav Klesla.
0:44 of 1st overtime period - Shot Misses the Net.
0:46 of 1st overtime period - Wrist shot by Ryan McDonagh.
0:46 of 1st overtime period - Shot Blocked by Mikael Granlund.
0:48 of 1st overtime period - Slapshot by Ryan McDonagh.
0:48 of 1st overtime period - Shot Misses the Net.
1:12 of 1st overtime period - Anton Volchenkov is hit by Rostislav Klesla and loses puck.
1:59 of 1st overtime period - Benoit Pouliot is hit by Nail Yakupov and loses puck.
2:34 of 1st overtime period - Slapshot by Mark Giordano.
2:34 of 1st overtime period - Stopped by Jack Campbell without a rebound.
2:35 of 1st overtime period - Claude Giroux wins face-off versus Mikael Granlund in Avalanche zone.
2:59 of 1st overtime period - Wrist shot by Mikael Granlund.
2:59 of 1st overtime period - Stopped by Jack Campbell without a rebound.
3:00 of 1st overtime period - Benoit Pouliot wins face-off versus Mikael Granlund in Avalanche zone.
3:54 of 1st overtime period - Wrist shot by Joffrey Lupul.
3:54 of 1st overtime period - Stopped by Ryan Miller without a rebound.
3:55 of 1st overtime period - Benoit Pouliot wins face-off versus Marcus Foligno in Penguins zone.
3:58 of 1st overtime period - Wrist shot by Daniel Briere.
3:58 of 1st overtime period - Shot Misses the Net.
4:00 of 1st overtime period - Slapshot by Daniel Briere.
4:00 of 1st overtime period - Stopped by Ryan Miller with a rebound.
4:02 of 1st overtime period - Slapshot by Brad Stuart.
4:02 of 1st overtime period - Shot Blocked by Anton Volchenkov.
4:04 of 1st overtime period - Snap shot by Brad Stuart.
4:04 of 1st overtime period - Stopped by Ryan Miller without a rebound.
4:05 of 1st overtime period - Mikael Granlund wins face-off versus Benoit Pouliot in Penguins zone.
Goals for this period are 0 for Avalanche vs 0 for Penguins.
Shots for this period are 5 for Avalanche vs 3 for Penguins.

ShootOut


5:00 of 1st overtime period - Penalty Shot by Claude Giroux for Avalanche.
5:00 of 1st overtime period - Snap shot by Claude Giroux.
5:00 of 1st overtime period - Stopped by Ryan Miller.
5:00 of 1st overtime period - Penalty Shot by Patrick Sharp for Penguins.
5:00 of 1st overtime period - Deke by Patrick Sharp.
5:00 of 1st overtime period - Stopped by Jack Campbell.
5:00 of 1st overtime period - Penalty Shot by Troy Brouwer for Avalanche.
5:00 of 1st overtime period - Snap shot by Troy Brouwer.
5:00 of 1st overtime period - Stopped by Ryan Miller.
5:00 of 1st overtime period - Penalty Shot by Jarome Iginla for Penguins.
5:00 of 1st overtime period - Deke by Jarome Iginla.
5:00 of 1st overtime period - Shot Misses the Net.
5:00 of 1st overtime period - Penalty Shot by Mike Ribeiro for Avalanche.
5:00 of 1st overtime period - Backhand shot by Mike Ribeiro.
5:00 of 1st overtime period - Stopped by Ryan Miller.
5:00 of 1st overtime period - Penalty Shot by Nathan MacKinnon for Penguins.
5:00 of 1st overtime period - Snap shot by Nathan MacKinnon.
5:00 of 1st overtime period - Shot Misses the Net.
5:00 of 1st overtime period - Penalty Shot by Joffrey Lupul for Avalanche.
5:00 of 1st overtime period - Deke by Joffrey Lupul.
5:00 of 1st overtime period - Shot Misses the Net.
5:00 of 1st overtime period - Penalty Shot by Vladimir Tarasenko for Penguins.
5:00 of 1st overtime period - Snap shot by Vladimir Tarasenko.
5:00 of 1st overtime period - Stopped by Jack Campbell.
5:00 of 1st overtime period - Penalty Shot by Lars Eller for Avalanche.
5:00 of 1st overtime period - Wrist shot by Lars Eller.
5:00 of 1st overtime period - Shot Misses the Net.
5:00 of 1st overtime period - Penalty Shot by David Legwand for Penguins.
5:00 of 1st overtime period - Deke by David Legwand.
5:00 of 1st overtime period - Stopped by Jack Campbell.
5:00 of 1st overtime period - Penalty Shot by Benoit Pouliot for Avalanche.
5:00 of 1st overtime period - Deke by Benoit Pouliot.
5:00 of 1st overtime period - Goal by Benoit Pouliot.
5:00 of 1st overtime period - Penalty Shot by Mark Giordano for Penguins.
5:00 of 1st overtime period - Deke by Mark Giordano.
5:00 of 1st overtime period - Goal by Mark Giordano.
5:00 of 1st overtime period - Penalty Shot by Rene Bourque for Avalanche.
5:00 of 1st overtime period - Deke by Rene Bourque.
5:00 of 1st overtime period - Stopped by Ryan Miller.
5:00 of 1st overtime period - Penalty Shot by Raphael Diaz for Penguins.
5:00 of 1st overtime period - Deke by Raphael Diaz.
5:00 of 1st overtime period - Shot Misses the Net.
5:00 of 1st overtime period - Penalty Shot by Brad Stuart for Avalanche.
5:00 of 1st overtime period - Deke by Brad Stuart.
5:00 of 1st overtime period - Goal by Brad Stuart.
5:00 of 1st overtime period - Penalty Shot by Anton Volchenkov for Penguins.
5:00 of 1st overtime period - Deke by Anton Volchenkov.
5:00 of 1st overtime period - Goal by Anton Volchenkov.
5:00 of 1st overtime period - Penalty Shot by Clayton Stoner for Avalanche.
5:00 of 1st overtime period - Wrist shot by Clayton Stoner.
5:00 of 1st overtime period - Goal by Clayton Stoner.
5:00 of 1st overtime period - Penalty Shot by Elias Lindholm for Penguins.
5:00 of 1st overtime period - Snap shot by Elias Lindholm.
5:00 of 1st overtime period - Stopped by Jack Campbell.


Output by the SimonT Hockey Simulator (STHS) for Eric Dolegowski -- Original Page W3C XHTML 1.0 Valid
Hockey Simulator - Hockey Simulation - Hockey Manager